 Dungeon Crawl Stone Soup version 0.29.0-4-gdea44cf6ec (webtiles) character file.

Game seed: 12680271091045729617

75 qw the Chopper (level 4, -12/26 HPs)
             Began as a Tengu Warper on Aug 28, 2022.
             Killed from afar by an orc wizard (14 damage)
             ... with a puff of flame
             ... on level 3 of the Dungeon.
             The game lasted 00:00:12 (2704 turns).

qw the Chopper (Tengu Warper)                       Turns: 2704, Time: 00:00:13

Health: -12/26     AC:  3    Str: 13    XL:     4   Next: 31%
Magic:  8/8        EV: 12    Int: 14    God:
Gold:   123        SH:  0    Dex: 13    Spells: 7/7 levels left

rFire   . . .      SeeInvis .   Y - +0 hand axe
rCold   . . .      Faith    .   (no shield)
rNeg    . . .      Spirit   .   b - +0 leather armour
rPois   .          Reflect  +   (helmet restricted)
rElec   .          Harm     .   (no cloak)
rCorr   .          Rampage  .   (no gloves)
Will    .....                   (boots unavailable)
Stlth   +.........              d - amulet of reflection
HPRegen 0.08/turn               (no ring)
MPRegen 0.11/turn               (no ring)

@: confused
A: beak, talons 3
a: no special abilities


You were on level 3 of the Dungeon.
You visited 1 branch of the dungeon, and saw 3 of its levels.

You collected 123 gold pieces.


Innate Abilities, Weirdness & Mutations

You have a beak for a mouth.
You have claws for feet.


   Skills:
 - Level 2.0 Fighting
 + Level 4.9 Axes
 - Level 1.0 Throwing
 - Level 1.1 Armour
 - Level 2.1 Dodging
 - Level 2.0 Spellcasting
 - Level 2.4 Translocations


You had 7 spell levels left.
You didn't know any spells.
Your spell library contained the following spells:

 Spells                   Type           Power      Damage    Failure   Level
 Blink                    Tloc           16%        N/A       17%         2
 Gell's Gravitas          Tloc           8%         N/A       34%         3
 Lesser Beckoning         Tloc           8%         N/A       34%         3
 Teleport Other           Tloc           8%         N/A       34%         3
 Manifold Assault         Tloc           8%         N/A       97%         5

Inventory:

Hand Weapons
 e - a +0 whip
 Y - a +0 hand axe (weapon)
Missiles
 g - 2 javelins (quivered)
 i - a boomerang of dispersal
Armour
 b - a +0 leather armour (worn)
Jewellery
 d - an amulet of reflection (around neck)
Scrolls
 a - a scroll of identify
Potions
 c - a potion of haste
 f - a potion of might

Dungeon Overview and Level Annotations

Branches:
Dungeon (3/15)

Altars:


Message History

You closely miss the giant cockroach.
You hear some strange, mumbled words.
A puff of flame appears from out of thin air!
The puff of flame misses you.
The puff of flame hits the goblin!
The goblin dies!
The giant cockroach bites you but does no damage.
You closely miss the giant cockroach.
The giant cockroach is severely wounded.
You closely miss the orc. You closely miss something.
The giant cockroach bites you but does no damage.
Something hits you but does no damage. The orc barely misses you.
You bump into the rock wall.
The giant cockroach barely misses you. Something hits you.
The orc barely misses you. The giant cockroach bites you.
You bump into the rock wall.
You feel less confused. Something hits you.
The giant cockroach bites you but does no damage.
You hit the giant cockroach.
You kill the giant cockroach!
You hit the orc. You closely miss the orc wizard.
You hit something but do no damage.
You hear some strange, mumbled words.
A puff of flame appears from out of thin air!
The puff of flame misses you.
The orc wizard mumbles some strange words.
The orc wizard flickers and vanishes!
You block the orc's attack.
You hit the orc but do no damage. You claw the orc.
You kill the orc!
You miss something. You hit something but do no damage.
You hear some strange, mumbled words.
You are confused.
The frilled lizard bites you.
You hear some strange, mumbled words.
Something tries to affect you, but you resist.
You hear some strange, mumbled words.
A puff of flame appears from out of thin air!
The puff of flame hits you!
Ouch! That really hurt!
You die...

.......# ...>...##
##......... ###
##........# #...
... ....# ##.#.#
#)##....###
......###.#.....>..
.......{{B)<###..
.#...)@lo.......#
#.##.###.#.###..# #
#.#.# # #....
....## .>...
#....## ......


You could see an orc, a giant cockroach and a frilled lizard.

Vanquished Creatures
  A worm (D:2)
  4 dart slugs
  3 orcs (D:3)
  4 endoplasms
  4 giant cockroaches
  7 hobgoblins (D:1)
  4 jackals (D:1)
  2 quokkas (D:1)
  5 ball pythons
  4 bats
  2 frilled lizards (D:1)
  6 goblins
  6 kobolds
  4 rats
56 creatures vanquished.

Vanquished Creatures (others)
  A goblin (D:3)
1 creature vanquished.

Grand Total: 57 creatures vanquished

Notes
Turn   | Place    | Note
-------+----------+-------------------------------------------
     0 | D:1      | qw the Tengu Warper began the quest for the Orb.
     0 | D:1      | Reached XP level 1. HP: 12/12 MP: 4/4
     0 | D:1      | 0 ||| qw: Version: 0.1-a-89-g26bdef1
     0 | D:1      | 0 ||| qw: Game counter: 2326
     0 | D:1      | 0 ||| qw: Always use a shield: true
     0 | D:1      | 0 ||| qw: God list: Okawaru
     0 | D:1      | 0 ||| qw: Allow faded altars: false
     0 | D:1      | 0 ||| qw: Do Orc after D:15 true
     0 | D:1      | 0 ||| qw: Do second Lair branch before Depths: true
     0 | D:1      | 0 ||| qw: Lair rune preference: random
     0 | D:1      | 0 ||| qw: Plans: Normal
     0 | D:1      | 0 ||| PLANNING D:1-11
   120 | D:1      | Reached XP level 2. HP: 17/17 MP: 6/6
   124 | D:1      | Reached skill level 3 in Axes
   192 | D:1      | 192 ||| Stepping ~*~*~tactically~*~*~ (stealth).
   323 | D:1      | 323 ||| Stepping ~*~*~tactically~*~*~ (stealth).
   331 | D:1      | 331 ||| Stepping ~*~*~tactically~*~*~ (stealth).
   334 | D:1      | 334 ||| Stepping ~*~*~tactically~*~*~ (stealth).
   553 | D:1      | Reached XP level 3. HP: 18/21 MP: 7/7
   587 | D:1      | 587 ||| Stepping ~*~*~tactically~*~*~ (hiding).
   723 | D:1      | Reached skill level 4 in Axes
  1179 | D:1      | 1179 ||| Stepping ~*~*~tactically~*~*~ (stealth).
  1191 | D:1      | 1191 ||| Stepping ~*~*~tactically~*~*~ (stealth).
  1193 | D:1      | 1193 ||| Stepping ~*~*~tactically~*~*~ (hiding).
  1268 | D:1      | 1268 ||| READING scroll labelled FAUMUFRUHET.
  1272 | D:1      | 1272 ||| READING scroll labelled QIULOC OZUNOTH.
  1273 | D:1      | 1273 ||| DROPPING scroll of blinking.
  1542 | D:2      | 1542 ||| Stepping ~*~*~tactically~*~*~ (hiding).
  1644 | D:2      | 1644 ||| Stepping ~*~*~tactically~*~*~ (hiding).
  1746 | D:2      | 1746 ||| Stepping ~*~*~tactically~*~*~ (hiding).
  1848 | D:2      | 1848 ||| Stepping ~*~*~tactically~*~*~ (hiding).
  1950 | D:2      | 1950 ||| Stepping ~*~*~tactically~*~*~ (hiding).
  1979 | D:2      | Reached XP level 4. HP: 26/26 MP: 8/8
  2053 | D:2      | 2053 ||| Stepping ~*~*~tactically~*~*~ (stealth).
  2055 | D:2      | 2055 ||| Stepping ~*~*~tactically~*~*~ (stealth).
  2062 | D:2      | 2062 ||| Stepping ~*~*~tactically~*~*~ (stealth).
  2328 | D:2      | 2328 ||| UPGRADING to amulet of reflection.
  2333 | D:2      | 2333 ||| READING 4 scrolls labelled DEAFE DUOL.
  2334 | D:2      | 2334 ||| READING scroll labelled VITOUF VOJE.
  2335 | D:2      | 2335 ||| READING scroll labelled RYCI GUIGEIC.
  2336 | D:2      | 2336 ||| DRINKING 2 clear potions.
  2337 | D:2      | 2337 ||| READING 3 scrolls of identify.
  2337 | D:2      | 2337 ||| IDENTIFYING golden potion
  2338 | D:2      | 2338 ||| READING 2 scrolls of identify.
  2338 | D:2      | 2338 ||| IDENTIFYING viscous brown potion
  2339 | D:2      | 2339 ||| DROPPING potion of ambrosia.
  2340 | D:2      | 2340 ||| Stepping randomly (stuck).
  2341 | D:2      | 2341 ||| Stepping ~*~*~tactically~*~*~ (cloud).
  2347 | D:2      | HP: 6/26 [poisoned by you (poison gas)]
  2352 | D:2      | HP: 3/26 [poisoned by you (poison gas)]
  2355 | D:2      | HP: 1/26 [poisoned by you (poison gas)]
  2682 | D:3      | 2682 ||| PLANNING SEWER
  2682 | D:3      | 2682 ||| Stepping ~*~*~tactically~*~*~ (hiding).
  2684 | D:3      | 2684 ||| Stepping ~*~*~tactically~*~*~ (hiding).
  2701 | D:3      | HP: 5/26 [something (2)]
  2704 | D:3      | HP: 2/26 [frilled lizard (2)]
  2704 | D:3      | Killed from afar by an orc wizard

Levels and vault maps discovered:
D:1:      lightli_arrival_isolated_outpost, layout_basic
D:2:      layout_basic
D:3:      layout_loops_ring, hellmonk_ecumenical_altar_arch_garden,
          portal_sewer_entry_e, ebering_ghost_inner_flame

Skill      XL: |  1  2  3 |
---------------+----------+-----
Axes           | 3 4 |  4.9
Fighting       | |  2.0
Throwing       | |  1.0
Armour         | |  1.1
Dodging        | |  2.1
Spellcasting   | |  2.0
Translocations | |  2.4

Action                   |  1- 3 |  4- 6 || total
-------------------------+-------+-------++-------
Melee: Hand axe          |    74 |    16 ||    90
       Peck              |    13 |     1 ||    14
       Kick              |    15 |     4 ||    19
       Punch             |     2 |       ||     2
Throw: Boomerang         |     8 |     1 ||     9
       Javelin           |    12 |    10 ||    22
  Use: Scroll            |     2 |     5 ||     7
       Potion            |       |     1 ||     1
Armor: Leather armour    |    13 |     7 ||    20
Dodge: Dodged            |    42 |    18 ||    60
Block: Other             |       |     3 ||     3

Table legend:
 A = Non-vault XP
 B = Vault XP
 C = Vault XP percentage of total XP
 D = Non-vault monster count
 E = Vault monster count
 F = Vault count percentage of total count
                 A         B        C        D         E       F
            +---------+---------+-------+---------+---------+-------
      Total |     111 |       0 |   0.0 |      56 |       0 |   0.0
            +---------+---------+-------+---------+---------+-------
        D:1 |      59 |       0 |   0.0 |      32 |       0 |   0.0
        D:2 |      37 |       0 |   0.0 |      18 |       0 |   0.0
        D:3 |      15 |       0 |   0.0 |       6 |       0 |   0.0
            +---------+---------+-------+---------+---------+-------
